 Dungeon Crawl Stone Soup version 0.31-a0-716-gc7603755dd (webtiles) character file.

Game seed: 3241610232147628784

515 BlakeNightgale the Magician (level 7, -7/47 HPs)
             Began as a Djinni Fire Elementalist on Sept 10, 2023.
             Mangled by an ice beast (9 damage)
             ... on level 4 of the Dungeon.
             The game lasted 00:17:24 (4051 turns).

BlakeNightgale the Magician (DjFE)                  Turns: 4051, Time: 00:17:25

Health: -7/47      AC:  3    Str:  7    XL:     7   Next: 44%
Gold:   184        EV: 15    Int: 18    God:
                   SH:  0    Dex: 26

rFire   + + .        u - +2 falchion (vamp)
rCold   x . .        (no shield)
rNeg    . . .        a - +0 robe
rPois   ∞            (no helmet)
rElec   .            (no cloak)
rCorr   .            k - +0 pair of gloves
SInv    .            (boots unavailable)
Will    .....        (no amulet)
Stlth   +++          e - +6 ring of dexterity
HPRegen 0.27/turn    l - +6 ring of dexterity
MPRegen 0.00/turn

%: infuse magic (-8 HP)
@: flying
A: sickness immunity, fire resistance 2, cold vulnerability 1, float, innate
caster, HP casting, extra vitality 1
a: no special abilities


You were on level 4 of the Dungeon.
You visited 1 branch of the dungeon, and saw 4 of its levels.

You collected 184 gold pieces.

Inventory:

Hand Weapons
 n - a +0 dagger
 p - a +0 trident
 s - a +0 vampiric spear
 u - a +2 vampiric falchion (weapon)
 y - a +0 scythe
Missiles
 j - 5 poisoned darts
 q - 2 datura-tipped darts
 w - 15 stones
 z - a throwing net
Armour
 a - a +0 robe (worn)
 k - a +0 pair of gloves (worn)
 v - a +0 pair of gloves
Magical Staves
 f - a staff of earth
Jewellery
 e - a +6 ring of dexterity (left hand)
 g - a ring of resist corrosion
 l - a +6 ring of dexterity (right hand)
 m - a ring of poison resistance
Wands
 x - a wand of flame (12)
Scrolls
 b - a scroll of teleportation {unknown}
 d - a scroll of immolation
 h - a scroll of noise
 o - a scroll of fear {unknown}
Potions
 c - 3 potions of heal wounds {unknown}
 i - a potion of magic {unknown}
 r - a potion of degeneration {unknown}
 t - a potion of curing {unknown}


   Skills:
 + Level 1.0 Fighting
 + Level 1.0 Polearms
 + Level 4.0 Dodging
 + Level 3.9 Stealth
 + Level 4.6 Spellcasting
 + Level 4.6 Conjurations
 + Level 4.6 Hexes
 + Level 4.6 Summonings
 + Level 4.6 Necromancy
 + Level 4.6 Translocations
 + Level 4.6 Transmutations
 + Level 4.6 Fire Magic
 + Level 4.6 Ice Magic
 + Level 4.6 Air Magic
 + Level 4.6 Earth Magic
 + Level 4.6 Poison Magic


You knew the following spells:

 Your Spells              Type           Power      Damage    Failure   Level
a - Foxfire               Conj/Fire      80%        2x1d8     1%          1
b - Scorch                Fire           40%        2d6       3%          2
c - Volatile Blastmotes   Fire/Tloc      40%        2d13      6%          3
d - Inner Flame           Hex/Fire       20%        N/A       6%          3
e - Flame Wave            Conj/Fire      20%        2d7       21%         4
f - Shock                 Conj/Air       80%        1d8       1%          1
g - Lesser Beckoning      Tloc           40%        N/A       3%          2
h - Gell's Gravitas       Tloc           20%        N/A       6%          3
Your spell library was empty.

Dungeon Overview and Level Annotations

Branches:
Dungeon (4/15)
 Temple: D:4-7

Altars:
Cheibriados
Makhleb

Annotations:
D:3 2 transporters


Innate Abilities, Weirdness & Mutations

You are immune to sickness and miasma.
You are immune to poison.
Your flesh is very heat resistant. (rF++)
You are vulnerable to cold. (rC-)
You float through the air rather than walking.
You learn spells naturally, not from books.
Your magical power is your life essence.
You have superior vitality. (+4 MHP)


Message History

Casting: Foxfire (safe; 1% risk of failure)
Press: ? - help, Q - select action, (/) - cycle Dir - look around, f - activate
There is not enough space to conjure foxfire!
Your foxfire dissipates!
The foxfire hits the ice beast but does no damage.
The ice beast is heavily wounded.
Casting: Foxfire (safe; 1% risk of failure)
Press: ? - help, Q - select action, (/) - cycle Dir - look around, f - activate You conjure some foxfire!
Your foxfire dissipates!
The ice beast attacks as it pursues you!
The ice beast closely misses you.
Casting: Foxfire (safe; 1% risk of failure)
Press: ? - help, Q - select action, (/) - cycle Dir - look around, f - activate You conjure some foxfire!
The ice beast hits you but does no damage.
Your foxfire dissipates!
Casting: Foxfire (safe; 1% risk of failure)
Press: ? - help, Q - select action, (/) - cycle Dir - look around, f - activate You conjure some foxfire!
The ice beast closely misses you.
Your foxfire dissipates!
Casting: Foxfire (safe; 1% risk of failure)
Press: ? - help, Q - select action, (/) - cycle Dir - look around, f - activate You conjure some foxfire!
The ice beast closely misses you.
Your foxfire dissipates!
The foxfire hits the ice beast but does no damage.
The ice beast is heavily wounded.
Casting: Foxfire (safe; 1% risk of failure)
Press: ? - help, Q - select action, (/) - cycle Dir - look around, f - activate You conjure some foxfire!
The ice beast hits you. The ice beast freezes you!
You feel a terrible chill!
Your foxfire dissipates!
The ice beast hits you. The ice beast freezes you!!
You feel a terrible chill!
* * * LOW HITPOINT WARNING * * *
The ice beast hits you.
* * * LOW HITPOINT WARNING * * *
The ice beast freezes you!
You feel a terrible chill!
You die...

#......####
......#
#.........+
..§...+
#......####
......#
##.##.## .....#
#.#### ....#
#.# #######...#
#.# #........#
#.# #Y######.#
#.# #@# #
#.#####.#####
#...........#
#######.###....
#.# .. #.# #..
###


You could see an ice beast.

Vanquished Creatures
  Sigmund (D:4)
  A black bear (D:4)
  A phantom (D:4)
  A scorpion (D:4)
  An orc priest (D:3)
  An adder (D:2)
  A river rat (D:3)
  2 worms (D:3)
  A dart slug (D:3)
  4 orcs (D:3)
  9 bats
  9 endoplasms
  3 goblins (D:2)
  11 hobgoblins
  5 jackals
  5 quokkas
  7 ball pythons
  3 frilled lizards
  4 kobolds
  5 rats
75 creatures vanquished.

Vanquished Creatures (others)
  352 foxfires
352 creatures vanquished.

Grand Total: 427 creatures vanquished

Notes
Turn   | Place    | Note
-------+----------+-------------------------------------------
     0 | D:1      | BlakeNightgale the Djinni Fire Elementalist began the quest
                  | for the Orb.
     0 | D:1      | BlakeNightgale set off with the following spells memorised:
                  | Foxfire, Scorch, Volatile Blastmotes, Inner Flame, Flame
                  | Wave.
     0 | D:1      | Reached XP level 1. HP: 15/15 MP: 0/0
   256 | D:1      | Reached XP level 2. HP: 15/21 MP: 0/0
   889 | D:1      | Reached XP level 3. HP: 23/25 MP: 0/0
   889 | D:1      | Learned a level 1 spell: Shock
  1754 | D:2      | Reached XP level 4. HP: 27/31 MP: 0/0
  2354 | D:3      | Found a faded altar of an unknown god.
  2372 | D:3      | Found a glowing drain.
  2419 | D:3      | Reached XP level 5. HP: 7/36 MP: 0/0
  2419 | D:3      | Learned a level 2 spell: Lesser Beckoning
  2687 | D:3      | Found a transporter.
  2709 | D:3      | Found a transporter.
  2800 | D:3      | Reached skill level 1 in Fighting
  2800 | D:3      | Reached skill level 1 in Polearms
  3347 | D:4      | Found a snail-covered altar of Cheibriados.
  3534 | D:4      | Found a burning altar of Makhleb.
  3542 | D:4      | Noticed Sigmund
  3542 | D:4      | Noticed a black bear
  3561 | D:4      | Killed Sigmund
  3562 | D:4      | Reached XP level 6. HP: 11/42 MP: 0/0
  3659 | D:4      | Killed a black bear
  3660 | D:4      | Reached XP level 7. HP: 35/47 MP: 0/0
  3660 | D:4      | Learned a level 3 spell: Gell's Gravitas
  4051 | D:4      | HP: 2/47 [ice beast (4)]
  4051 | D:4      | Mangled by an ice beast

Illustrated notes

Levels and vault maps discovered:
D:1:      dpeg_arrival_round_a, layout_basic, minmay_pentomino_q4
D:2:      layout_loops_cross, minmay_vboxes
D:3:      gammafunk_wand_slinger, layout_rooms, minitemple,
          ebering_ecumenical_altar_abandoned, cheibrodos_sewer_entry_sluice,
          minmay_misc_feat_hallway
D:4:      layout_loops_corners, lemuel_tele_altar,
          nicolae_overflow_hidden_temple, lightli_temple_of_fire, uniq_sigmund

Skill      XL: |  1  2  3  4  5  6  7 |
---------------+----------------------+-----
Spellcasting   | 4 |  4.6
Conjurations   | 4 |  4.6
Hexes          | 4 |  4.6
Summonings     | 4 |  4.6
Necromancy     | 4 |  4.6
Translocations | 4 |  4.6
Transmutations | 4 |  4.6
Fire Magic     | 4 |  4.6
Ice Magic      | 4 |  4.6
Air Magic      | 4 |  4.6
Earth Magic    | 4 |  4.6
Poison Magic   | 4 |  4.6
Stealth        | 2 3 |  3.9
Dodging        | 3 4 |  4.0
Fighting       | 1 |  1.0
Polearms       | 1 |  1.0

Action                     |  1- 3 |  4- 6 |  7- 9 || total
---------------------------+-------+-------+-------++-------
  Melee: Trident           |       |     8 |       ||     8
   Cast: Foxfire           |   120 |    94 |    37 ||   251
         Volatile Blastmot |       |    22 |       ||    22
         Shock             |       |    11 |       ||    11
         Scorch            |       |       |     2 ||     2
    Use: Scroll            |       |     4 |       ||     4
 Armour: Robe              |     7 |    15 |     6 ||    28
  Dodge: Dodged            |     5 |    25 |     6 ||    36

Table legend: (Time is in decaauts)
 A = Elapsed time spent in this place.
 B = Non-inter-level travel time spent in this place.
 C = Inter-level travel time spent in this place.
 D = Time resting spent in this place.
 E = Time spent auto-exploring this place.
 F = Levels seen in this place.
 G = Mean time per level.
                   A        B        C        D        E       F      G
               +--------+--------+--------+--------+--------+-----+--------+
         Total |   4048 |   3694 |    354 |      0 |   3101 |   4 | 1012.0 |
       Dungeon |   4048 |   3694 |    354 |      0 |   3101 |   4 | 1012.0 |
               +--------+--------+--------+--------+--------+-----+--------+

Top non-repeatable levels by time:
     D:1: 1219 daAuts
     D:2: 1076 daAuts
     D:3: 1023 daAuts
     D:4: 729 daAuts
